AoeStats
← Simple Jack, u mad?

Arena

506630992Analyzed
4v4 RM · 19d ago on Sep 14, 2026· 36m 14s· 8 players
Game mode
Random Map
Map size
Large (8 player)
Population
200
Speed
Normal
Resources
Standard
Victory
Conquest
Starting age
Dark Age
Ending age
Imperial Age
RankedLock teamsTeams togetherTeam positionsShared explorationLock speedFull tech treeHidden civsTurbo modeCheats
Victory
Defeat
🇷🇺 Hindustanis · Russia
1795
+7
🇸🇬 Inca · Singapore
1730
+9
🇭🇰 Huns · Hong Kong SAR China
1638
+13
🇻🇳 Britons · Vietnam
1517
+17
🇸🇪 Magyars · Sweden
1627
-14
🇩🇪 Italians · Germany
1594
-12
🇺🇾 Franks · Uruguay
1528
-10
1527
-10
Yan
10:53 Feudal Age
14:36 Castle Age
12:31 Double-Bit Axe
12:37 Horse Collar
16:23 Bow Saw
20:50 Wheelbarrow
23:35 Gold Mining
23:50 Heavy Plow
24:29 Hand Cart
24:00 Loom
28:07 Imperial Age
26:17 Scale Barding Armor
26:23 Forging
27:27 Gold Shaft Mining
26:44 Stone Mining
27:07 Husbandry
27:17 Bloodlines
28:14 Chain Barding Armor
28:29 Iron Casting
28:08 Cavalier
29:32 Plate Barding Armor
30:44 Iron Casting
30:57 Paladin
33:35 Coinage
35:14 Blast Furnace
36:21 Banking
35:51 Caravan
timembh
11:02 Feudal Age
14:32 Castle Age
12:29 Double-Bit Axe
12:56 Horse Collar
15:30 Crossbowman
16:30 Loom
17:21 Fletching
20:41 Bodkin Arrow
22:09 Bow Saw
25:38 Ballistics
36:09 Gold Mining
39:14 Imperial Age
37:20 Wheelbarrow
Vegeta
10:17 Feudal Age
14:02 Castle Age
12:04 Double-Bit Axe
12:19 Horse Collar
15:13 Bow Saw
15:41 Heavy Plow
20:23 Wheelbarrow
22:44 Hand Cart
22:14 Loom
22:31 Stone Mining
23:04 Hand Cart
22:42 Gold Mining
28:07 Imperial Age
25:39 Scale Mail Armor
26:38 Gold Shaft Mining
26:39 Stone Shaft Mining
26:53 Chain Mail Armor
27:47 Forging
28:03 Squires
27:49 Arson
29:20 Iron Casting
29:19 Plate Mail Armor
29:37 Conscription
30:00 Iron Casting
29:29 Elite Kamayuk
31:11 Fabric Shields
33:10 Coinage
35:59 Blast Furnace
35:32 Banking
Eugenius
10:35 Feudal Age
14:28 Castle Age
12:15 Double-Bit Axe
12:34 Horse Collar
15:30 Bow Saw
18:02 Wheelbarrow
21:51 Gold Mining
24:01 Scale Mail Armor
26:33 Imperial Age
23:54 Loom
24:54 Hand Cart
25:16 Chain Mail Armor
25:11 Forging
25:09 Stone Mining
26:41 Forging
27:06 Gold Shaft Mining
26:36 Grand Trunk Road
28:34 Two-Man Saw
27:59 Conscription
27:49 Padded Archer Armor
28:51 Chemistry
28:58 Leather Archer Armor
29:19 Iron Casting
28:50 Fletching
30:11 Ring Archer Armor
29:36 Fletching
30:16 Ring Archer Armor
31:07 Shatagni
32:08 Bodkin Arrow
35:48 Siege Engineers
35:54 Masonry
Simple Jack, u mad?
10:46 Feudal Age
14:40 Castle Age
13:01 Horse Collar
13:32 Double-Bit Axe
15:58 Bow Saw
20:23 Loom
20:40 Heavy Plow
21:25 Wheelbarrow
22:59 Gold Mining
25:05 Scale Barding Armor
26:18 Bloodlines
29:50 Chain Barding Armor
33:18 Imperial Age
31:41 Husbandry
31:59 Fletching
32:09 Padded Archer Armor
34:04 Gold Shaft Mining
33:24 Heavy Cavalry Archer
34:11 Thumb Ring
34:08 Bodkin Arrow
34:29 Leather Archer Armor
35:18 Chemistry
33:44 Cavalier
35:53 Parthian Tactics
35:53 Conscription
Hommi
10:27 Feudal Age
14:08 Castle Age
12:03 Horse Collar
12:12 Double-Bit Axe
15:33 Bow Saw
22:17 Wheelbarrow
22:35 Gold Mining
26:25 Imperial Age
24:15 Stone Mining
24:37 Fletching
24:57 Loom
25:41 Bodkin Arrow
26:13 Ballistics
28:21 Chemistry
27:27 Bracer
28:26 Elite Genoese Crossbowman
31:07 Padded Archer Armor
33:16 Masonry
33:34 Leather Archer Armor
34:40 Pirotechnia
34:54 Silk Road
35:35 Pirotechnia
35:46 Conscription
ToNGa
11:53 Feudal Age
12:44 Double-Bit Axe
15:33 Castle Age
16:25 Wheelbarrow
16:43 Bow Saw
17:31 Town Watch
22:40 Gold Mining
22:41 Stone Mining
24:33 Stone Mining
25:16 Hand Cart
25:28 Loom
29:16 Imperial Age
26:37 Gambesons
26:54 Scale Mail Armor
28:45 Masonry
29:06 Chain Mail Armor
28:17 Pikeman
28:57 Squires
29:44 #83
30:21 Conscription
31:08 Chemistry
31:15 Plate Mail Armor
32:01 Forging
31:55 Caravan
32:25 Coinage
31:48 Fletching
32:04 Scale Barding Armor
34:29 Hoardings
33:28 Halberdier
34:45 Iron Casting
叫我靓仔啊 扑街
10:20 Feudal Age
14:00 Castle Age
12:18 Double-Bit Axe
12:20 Loom
20:55 Fervor
21:15 Sanctity
22:13 Redemption
25:02 Wheelbarrow
24:19 Horse Collar
29:08 Imperial Age
27:48 Fletching
27:58 Padded Archer Armor
28:20 Crossbowman
29:43 Bow Saw
29:40 Bodkin Arrow
31:52 Crossbowman
33:48 Bracer
33:54 Crossbowman
Connection lost

Rejoining the realm…

Still unreachable

The connection could not be restored.

Session expired

The server has moved on; the page needs a fresh start.